Map: Efflorescence LE

Players

Throwfordays

  • Race: Protoss Protoss
  • Spawn Location: 3:00

Faust

  • Race: Zerg Zerg
  • League: Diamond
  • Spawn Location: 12:00

NoMan - Winner!

  • Race: Zerg Zerg
  • League: Diamond
  • Spawn Location: 6:00

heebans - Winner!

  • Race: Zerg Zerg
  • Spawn Location: 9:00

VOD

Have the link to the VOD?

Description

Time

  • Played on: July 1, 2019, 12:02 a.m.
  • Length: 13:46
Show
View Real Time Build Order
Export as new Build Order

Throwfordays Protoss 

Build Orders:  

Get SALT Encoding   

  12  0:01  Probe  
  13  0:13  Probe  
  14  0:20  Pylon  
  14  0:25  Probe  
  15  0:30  Assimilator  
  15  0:38  Probe  
  16  0:45  Gateway  
  16  0:50  Probe  
  17  0:58  Probe  
  18  1:06  Probe  
  19  1:14  Gateway  
  19  1:18  Pylon  
  19  1:21  Probe  
  20  1:35  Cybernetics Core  
  20  1:57  Nexus  
  20  2:03  Warp Gate  
  20  2:04  Pylon  
  20  2:16  Adept  
  20  2:21  Adept  
  24  2:31  Probe  
  24  2:32  Assimilator  
  25  2:39  Probe  
  26  2:47  Probe  
  27  2:57  Adept x2  
  31  3:05  Probe x2  
  33  3:13  Probe  
  33  3:17  Probe  
  35  3:22  Pylon  
  35  3:25  Probe  
  36  3:29  Probe  
  37  3:37  Adept x2, Probe  
  42  3:49  Probe  
  42  3:50  Probe  
  44  4:01  Probe  
  44  4:02  Probe  
  44  4:20  Stalker x2  
  44  4:23  Probe  
  45  4:30  Gateway  
  41  4:32  Gateway  
  41  4:34  Robotics Facility  
  41  4:35  Probe  
  38  4:43  Stalker  
  38  4:44  Stalker  
  38  4:58  Gateway  
  38  4:59  Probe  
  37  5:08  Stalker  
  37  5:09  Stalker  
  37  5:11  Probe  
  39  5:23  Probe, Immortal  
  30  5:31  Stalker  
  30  5:32  Stalker  
  30  5:33  Adept  
  30  5:34  Adept  
  36  5:56  Adept  
  38  6:00  Pylon  
  38  6:02  Pylon  
  38  6:04  Pylon  
  38  6:05  Pylon  
  38  6:34  Stalker x2  
  38  6:35  Adept x3  
  48  7:03  Robotics Bay  
  46  7:13  Robotics Facility  
  46  7:16  Forge  
  46  7:20  Forge  
  46  7:39  Warp Prism  
  48  7:58  Adept x4  
  48  7:59  Adept  
  51  8:06  Immortal  
  51  8:10  Photon Cannon  
  45  8:25  Stalker  
  47  8:27  Probe  
  46  9:13  Nexus  
  39  9:28  Pylon  
Show
View Real Time Build Order
Export as new Build Order

Faust Zerg 

Build Orders: Hatch First 

Get SALT Encoding   

  12  0:01  Drone  
  13  0:10  Drone  
  14  0:15  Extractor  
  14  0:16  Drone  
  15  0:23  Overlord  
  15  0:41  Drone  
  15  0:42  Drone  
  17  0:53  Hatchery  
  16  0:57  Drone  
  16  1:00  Extractor  
  16  1:04  Drone  
  17  1:17  Spawning Pool  
  16  1:23  Drone  
  16  1:25  Drone  
  18  1:33  Drone  
  19  2:04  Metabolic Boost  
  19  2:09  Drone x4  
  23  2:16  Drone  
  23  2:23  Spine Crawler  
  18  2:32  Zergling x4  
  18  2:33  Zergling x2  
  18  2:36  Queen  
  15  3:03  Baneling Nest  
  14  3:09  Drone x2  
  16  3:22  Drone  
  16  3:23  Drone  
  17  3:52  Drone  
  17  3:53  Drone x2  
    5:48  Drone  
Show
View Real Time Build Order
Export as new Build Order

NoMan Zerg - Winner!

Build Orders: Pool First, Lurkers 

Get SALT Encoding   

  12  0:01  Drone  
  13  0:09  Drone  
  14  0:18  Overlord  
  14  0:37  Drone x3  
  14  0:41  Extractor  
  16  0:47  Spawning Pool  
  15  0:52  Drone  
  16  1:01  Drone  
  17  1:11  Drone  
  18  1:20  Overlord  
  18  1:31  Drone  
  19  1:35  Queen, Roach Warren  
  20  1:52  Overlord  
  20  2:15  Roach x3  
  26  2:26  Overlord  
  26  2:37  Roach  
  26  2:43  Roach x2  
  26  2:44  Roach  
  34  2:53  Drone  
  34  2:58  Hatchery  
  34  3:10  Drone  
  35  3:21  Lair  
  35  3:22  Drone x3  
  35  3:24  Drone  
  39  3:36  Extractor  
  39  3:40  Roach  
  38  4:13  Roach x4  
  46  4:21  Queen, Roach  
  46  4:22  Drone x2  
  46  4:52  Drone x2  
  46  4:56  Roach x3  
  46  4:57  Overlord  
  46  4:59  Overlord x2  
  52  5:15  Queen  
  52  5:27  Roach x4  
  58  5:31  Drone x3, Evolution Chamber  
  58  5:32  Evolution Chamber  
  58  5:34  Drone  
  58  5:43  Drone x2  
  58  5:45  Drone  
  61  5:57  Zerg Ground Armor Level 1  
  61  5:59  Zerg Missile Weapons Level 1  
  61  6:08  Drone x4  
  65  6:18  Overseer  
  65  6:23  Glial Reconstitution  
  65  6:25  Hydralisk Den  
  64  6:26  Drone x2  
  64  6:28  Extractor  
  65  6:35  Overlord  
  61  6:48  Ravager x3  
  61  6:52  Drone x3  
  67  6:56  Extractor  
  63  7:15  Overlord x2  
  63  7:20  Drone x3  
  63  7:22  Lurker Den  
  65  7:24  Drone x2  
  65  7:26  Drone  
  65  7:28  Spore Crawler, Hatchery  
  66  7:30  Spine Crawler  
  66  7:32  Spore Crawler  
  66  7:34  Drone x2  
  66  7:35  Spine Crawler  
  65  7:39  Ravager x3  
  68  8:03  Zerg Ground Armor Level 2  
  68  8:09  Zerg Missile Weapons Level 2  
  68  8:12  Drone x4  
  72  8:25  Overlord x3  
  72  8:27  Grooved Spines  
  72  8:52  Overlord x2  
  70  8:59  Queen, Spore Crawler  
  70  9:00  Drone x2  
  70  9:02  Drone  
  72  9:21  Drone  
  73  9:28  Hydralisk x3  
  73  9:29  Hydralisk x9  
  97  9:37  Drone  
  97  9:38  Drone  
  97  9:42  Extractor  
  88  10:09  Lurker  
  88  10:10  Lurker x5  
  94  10:14  Drone x4  
  94  10:15  Drone x2  
  94  10:18  Extractor  
  94  10:21  Lurker  
  100  10:28  Drone  
  101  10:47  Overlord x2  
  101  10:49  Lurker x4  
  105  10:52  Drone x3  
  105  10:54  Drone  
  105  10:57  Spore Crawler, Spine Crawler  
  108  11:00  Burrow, Spine Crawler  
  108  11:02  Spore Crawler  
  108  11:04  Spore Crawler  
  104  11:20  Muscular Augments  
  104  11:23  Drone x2  
  104  11:24  Drone x3  
  109  11:30  Spine Crawler  
  109  11:32  Spine Crawler x2  
  107  11:34  Lurker  
  107  11:38  Spire  
  106  11:41  Infestation Pit  
  103  11:52  Drone x2  
  102  11:58  Pneumatized Carapace  
  102  12:17  Overlord x3  
  102  12:20  Hatchery  
  98  12:46  Overlord x2  
  98  12:50  Queen  
  100  13:07  Zergling x2  
  100  13:08  Zergling x24  
  113  13:14  Baneling Nest  
Show
View Real Time Build Order
Export as new Build Order

heebans Zerg - Winner!

Build Orders: Pool First 

Get SALT Encoding   

  12  0:01  Drone  
  13  0:08  Drone  
  14  0:14  Extractor  
  14  0:15  Drone  
  15  0:33  Spawning Pool  
  14  0:36  Extractor  
  14  0:40  Overlord  
  13  0:44  Drone  
  14  0:59  Drone  
  14  1:00  Drone  
  16  1:19  Zergling x2  
  16  1:20  Zergling x2  
  16  1:22  Queen  
  16  1:24  Zergling x2  
  21  1:35  Zergling x2  
  22  1:41  Extractor  
  22  1:45  Zergling x2  
  23  1:49  Metabolic Boost  
  23  2:05  Overlord  
  23  2:22  Overlord  
  22  2:31  Zergling x2  
  22  2:32  Zergling x2  
  24  2:37  Zergling x2  
  24  2:38  Zergling x4  
  24  2:44  Zergling x2  
  24  3:02  Lair  
  24  3:10  Zergling x2  
  24  3:11  Zergling x2  
  26  3:19  Drone  
  27  3:27  Zergling x2  
  28  3:36  Hatchery  
  28  3:37  Zergling x6  
  30  3:50  Zergling x2  
  29  3:59  Zergling x2  
  28  4:03  Zergling x6  
  31  4:13  Zergling x2  
  32  4:19  Zergling x2  
  33  4:31  Zergling x2  
  34  4:44  Zergling x2  
  35  4:55  Drone  
  35  4:56  Spire  
  35  5:03  Drone x3  
  35  5:07  Drone  
  38  5:22  Zergling x2  
  38  5:27  Drone  
  40  5:30  Drone  
  40  5:31  Drone  
  40  5:32  Drone  
  42  5:45  Extractor  
  41  6:10  Mutalisk  
  43  6:13  Overlord x2  
  43  6:15  Overlord  
  43  6:31  Mutalisk x3  
  49  6:50  Mutalisk  
  51  6:55  Drone  
  51  6:56  Drone x4  
  51  6:57  Drone  
  51  6:58  Drone x2  
  59  7:05  Drone  
  59  7:07  Drone  
  59  7:08  Queen  
  63  7:24  Drone  
  63  7:29  Drone x2  
  66  7:30  Drone x2  
  66  7:32  Extractor  
  66  7:33  Extractor, Drone x2  
  68  7:49  Overlord  
  67  7:54  Overlord x2  
  67  7:55  Overlord  
  58  8:10  Mutalisk  
  58  8:11  Mutalisk x2  
  58  8:12  Drone x2  
  66  8:22  Mutalisk x2  
  70  8:30  Mutalisk  
  72  8:42  Mutalisk  
  74  8:49  Mutalisk  
  74  8:55  Drone x4  
  80  8:57  Drone  
  80  8:58  Drone x6  
  87  9:09  Mutalisk  
  89  9:10  Mutalisk  
  89  9:17  Mutalisk  
  91  9:25  Mutalisk  
  89  9:50  Mutalisk x2  
  93  9:55  Zergling x6  
  93  9:57  Zergling x8  
  100  10:04  Overlord  
  100  10:05  Overlord  
  98  10:31  Mutalisk x5  
  108  10:45  Mutalisk  
  108  10:48  Mutalisk  
  112  10:54  Zergling x8  
  116  10:57  Overlord  
  116  11:15  Overlord  
  116  11:16  Overlord x2  
  116  11:26  Mutalisk x3  
  116  11:27  Mutalisk  
  122  11:50  Mutalisk x2  
  126  11:56  Mutalisk  
  126  11:59  Zergling x6  
  126  12:00  Zergling x6  
  126  12:01  Zergling x2  
  131  12:39  Mutalisk  
  131  12:40  Mutalisk x4  
  131  12:42  Zergling x2  
  131  12:43  Zergling x10  
  147  13:03  Hatchery  
  146  13:17  Hatchery  
  145  13:25  Hatchery  
  144  13:32  Hatchery  
  144  13:33  Hatchery  
  146  13:45  Hatchery  
Tags
 
Add a new tag
Caveats
  • Supply blocks, unpowered buildings, or Contaminate may cause inaccurate times.
  • Supply counts are checked every 10 seconds.